 Dungeon Crawl Stone Soup version 0.28-a0-1234-g826d19b2e0 (webtiles) character file.

Game seed: 15313539618459882113

165 frimble the Slasher (level 5, -5/38 HPs)
             Began as a Demonspawn Warper on Dec 24, 2021.
             Killed from afar by an orc wizard (6 damage)
             ... with a magic dart
             ... on level 3 of the Dungeon.
             The game lasted 00:04:56 (4035 turns).

frimble the Slasher (Demonspawn Warper)             Turns: 4035, Time: 00:04:57

Health: -5/38      AC:  4    Str: 11    XL:     5   Next: 21%
Magic:  8/8        EV: 12    Int: 18    God:
Gold:   172        SH:  0    Dex: 13    Spells: 6/8 levels left

rFire   . . .      SeeInvis .   a - +1 falchion
rCold   . . .      Faith    .   (no shield)
rNeg    . . .      Spirit   .   b - +1 leather armour
rPois   .          Reflect  .   (no helmet)
rElec   .          Harm     .   (no cloak)
rCorr   .          Rampage  .   (no gloves)
Will    .....                   (no boots)
Stlth   +.........              (no amulet)
HPRegen 0.12/turn               g - ring of flight
MPRegen 0.11/turn               (no ring)

@: confused, attractive, flying
A: spiny 1, big brain 1, demonic touch 2
a: no special abilities


You were on level 3 of the Dungeon.
You visited 1 branch of the dungeon, and saw 3 of its levels.

You collected 172 gold pieces.

Inventory:

Hand Weapons
 a - a +1 falchion (weapon)
Missiles
 d - 5 boomerangs of dispersal
 h - 2 boomerangs (quivered)
Armour
 b - a +1 leather armour (worn)
Jewellery
 g - a ring of flight (left hand)
Wands
 j - a wand of acid (9)
Scrolls
 c - a scroll of blinking
Potions
 k - a potion of magic


   Skills:
 - Level 2.1 Fighting
 + Level 3.8 Long Blades
 - Level 1.0 Throwing
 - Level 1.0 Armour
 - Level 3.3 Dodging
 - Level 2.0 Spellcasting
 - Level 2.7 Translocations


You had 6 spell levels left.
You knew the following spells:

 Your Spells              Type           Power      Damage    Failure   Level
a - Blink                 Tloc           22%        N/A       12%         2

Your spell library contained the following spells:

 Spells                   Type           Power      Damage    Failure   Level
 Gell's Gravitas          Tloc           11%        N/A       22%         3
 Lesser Beckoning         Tloc           11%        N/A       22%         3
 Teleport Other           Tloc           11%        N/A       22%         3
 Foxfire                  Conj/Fire      4%         2x1d4     24%         1
 Conjure Flame            Conj/Fire      1%         6-21      56%         3
 Inner Flame              Hex/Fire       1%         N/A       56%         3
 Manifold Assault         Tloc           11%        N/A       91%         5
 Flame Wave               Conj/Fire      1%         2d4       93%         4
 Alistair's Intoxication  Tmut/Pois      0%         N/A       100%        5
 Borgnjor's Vile Clutch   Necr/Erth      0%         N/A       100%        5
 Eringya's Noxious Bog    Tmut/Pois      0%         N/A       100%        6
 Borgnjor's Revivificati  Necr           0%         N/A       100%        8
 Necromutation            Tmut/Necr      0%         N/A       100%        8
 Death's Door             Necr           0%         N/A       100%        9


Dungeon Overview and Level Annotations

Branches:
Dungeon (3/15)

Altars:
Fedhas
Hepliaklqana


Innate Abilities, Weirdness & Mutations

You are partially covered in sharp spines.
You have an unusually large brain. (Int +2)
Your touch may inflict irresistible damage on your foes.


Message History

You are too injured to fight recklessly!
You hit the orc wizard but do no damage.
The orc wizard points at you and mumbles some strange words.
The puff of flame hits you!
You hit the orc wizard.
You touch the orc wizard!
The orc wizard is almost dead.
The orc wizard gestures at you while chanting.
The puff of flame hits you!
* * * LOW HITPOINT WARNING * * *
The orc wizard casts a spell at you. The magic dart hits you!
* * * LOW HITPOINT WARNING * * *
You barely miss the orc wizard.
The orc wizard is almost dead.
The orc wizard closely misses you.
You completely miss the orc wizard. Your touch misses the orc wizard.
The orc wizard is almost dead.
The orc wizard hits you but does no damage.
It was a potion of attraction.
You feel attractive to monsters.
The orc wizard hits you but does no damage.
You closely miss the orc wizard.
The orc wizard is almost dead.
The orc wizard hits you with a +0 dagger.
* * * LOW HITPOINT WARNING * * *
You closely miss the orc wizard. Your touch misses the orc wizard.
The orc wizard is almost dead.
The orc wizard is struck by your spines.
The orc wizard hits you but does no damage.
You barely miss the orc wizard. Your touch misses the orc wizard.
The orc wizard is almost dead.
The orc wizard points at you and mumbles some strange words.
You are confused.
Unknown command.
Unknown command.
You closely miss the orc wizard.
The orc wizard is almost dead.
The orc wizard casts a spell at you. The magic dart hits you.
You die...

#................# #.#
#................# #.#
###..⌠.............# #.#
#.'.......>........# #.# +####
#.#................# #.# ....#
#.#................# #.# ....#
#.#......<.........# #.# ....#
#.#................# #.#
....####'#.....o@.........# #.#
....#.........)############ #.#
....#..........# #.#
....'..........# #.#
....#..........###############.#
....+..........................#
....#.................##########
....#...........#####.#
(...#...........#.).#.#


You could see an orc wizard.

Vanquished Creatures
  An orc priest (D:3)
  3 gnolls
  5 adders
  A dart slug (D:3)
  2 orcs (D:3)
  4 endoplasms
  2 giant cockroaches
  7 goblins
  5 hobgoblins
  7 jackals (D:3)
  2 quokkas (D:3)
  3 ball pythons
  6 bats
  8 frilled lizards
  2 kobolds (D:1)
  7 rats
65 creatures vanquished.

Notes
Turn   | Place    | Note
-------+----------+-------------------------------------------
     0 | D:1      | frimble the Demonspawn Warper began the quest for the Orb.
     0 | D:1      | Reached XP level 1. HP: 16/16 MP: 3/3
    97 | D:1      | Reached skill level 1 in Throwing
   121 | D:1      | Reached skill level 1 in Armour
   221 | D:1      | Gained mutation: You have an unusually large brain. (Int
                  | +2) [demonic ancestry]
   221 | D:1      | Reached XP level 2. HP: 15/22 MP: 5/5
   345 | D:1      | You fall into a shaft and drop 1 floor!
   390 | D:2      | Found a blossoming altar of Fedhas.
   705 | D:2      | Learned a level 2 spell: Blink
   825 | D:2      | Gained mutation: Your touch may inflict minor irresistible
                  | damage on your foes. [demonic ancestry]
   825 | D:2      | Reached XP level 3. HP: 22/27 MP: 6/6
   985 | D:1      | Found a faded altar of an unknown god.
  1869 | D:2      | Gained mutation: You are partially covered in sharp spines.
                  | [demonic ancestry]
  1869 | D:2      | Reached XP level 4. HP: 33/33 MP: 7/7
  3394 | D:3      | Found a hazy altar of Hepliaklqana.
  3795 | D:3      | Gained mutation: Your touch may inflict irresistible damage
                  | on your foes. [demonic ancestry]
  3795 | D:3      | Reached XP level 5. HP: 34/38 MP: 8/8
  4031 | D:3      | HP: 1/38 [orc wizard (2)]
  4035 | D:3      | Killed from afar by an orc wizard

Illustrated notes

Levels and vault maps discovered:
D:1:      dpeg_arrival_rooms_c, layout_loops_ring, basic_ecumenical_altar,
          minivault_25
D:2:      layout_loops_ring, basic_altar, palyth_stone_intersect
D:3:      layout_basic, amcnicky_altar_gilded, hangedman_feature_mirror

Skill      XL: |  1  2  3  4 |
---------------+-------------+-----
Throwing       | 1 |  1.0
Armour         | 1 |  1.0
Long Blades    | 2 3 |  3.8
Dodging        | 2 3 |  3.3
Fighting       | |  2.1
Spellcasting   | |  2.0
Translocations | |  2.7

Action                   |  1- 3 |  4- 6 || total
-------------------------+-------+-------++-------
Melee: Falchion          |   121 |    63 ||   184
       Touch             |     6 |     7 ||    13
Throw: Boomerang         |     5 |    20 ||    25
  Use: Potion            |     1 |     4 ||     5
       Scroll            |       |     4 ||     4
Armor: Leather armour    |    41 |    14 ||    55
Dodge: Dodged            |    98 |    35 ||   133

Table legend: (Time is in decaauts)
 A = Elapsed time spent in this place.
 B = Non-inter-level travel time spent in this place.
 C = Inter-level travel time spent in this place.
 D = Time resting spent in this place.
 E = Time spent auto-exploring this place.
 F = Levels seen in this place.
 G = Mean time per level.
                   A        B        C        D        E       F      G
               +--------+--------+--------+--------+--------+-----+--------+
         Total |   4073 |   3910 |    163 |    211 |   3022 |   3 | 1357.7 |
       Dungeon |   4073 |   3910 |    163 |    211 |   3022 |   3 | 1357.7 |
               +--------+--------+--------+--------+--------+-----+--------+

Top non-repeatable levels by time:
     D:2: 1682 daAuts
     D:3: 1519 daAuts
     D:1: 872 daAuts
